[Event "Torneio Nacional Honour 2017-18"]
[Site "Cascais"]
[Date "2018.08.15"]
[Round "7"]
[White "Santos, Ruben Jose Melo"]
[Black "De Moura, Fernando Alves"]
[Result "1-0"]
[ECO "A58"]
[WhiteElo "1718"]
[BlackElo "1814"]
[Annotator "NA RC"]
[PlyCount "51"]
[EventDate "2018.08.11"]
[EventType "tourn"]
[EventCountry "POR"]
[SourceTitle "playchess.com"]
[Source "ChessBase"]
[SourceQuality "1"]
[TimeControl "5400+30"]

1. d4 Nf6 2. c4 c5 3. d5 b5 4. cxb5 a6 5. bxa6 Bxa6 6. Nc3 d6 7. g3 g6 8. Bg2 Bg7 9. e4 Nbd7 10. f4 O-O 11. Nge2 Rb8 12. O-O Qc7 13. Rf3 Qa7 14. Rb1 Ng4 15. Bh3 h5 16. f5 Nde5 17. Bxg4 hxg4 18. Rf2 Nd3 19. Be3 Nxf2 20. Kxf2 gxf5 21. exf5 Qd7 22. Qc2 e6 23. f6 Bxf6 24. Ne4 Bg7 25. Ng5 exd5 26. Qh7# 1-0

[Event "Torneio Nacional Honour 2017-18"]
[Site "Cascais"]
[Date "2018.08.15"]
[Round "7"]
[White "Goncalves, Carlos Manuel M"]
[Black "Santos, Jose Barria"]
[Result "0-1"]
[ECO "A05"]
[WhiteElo "1645"]
[BlackElo "2062"]
[Annotator "NA RC"]
[PlyCount "96"]
[EventDate "2018.08.11"]
[EventType "tourn"]
[EventCountry "POR"]
[SourceTitle "playchess.com"]
[Source "ChessBase"]
[SourceQuality "1"]
[TimeControl "5400+30"]

1. Nf3 Nf6 2. g3 d6 3. Bg2 Nbd7 {[%emt 0:00:04] A05: Réti Opening: 1 Nf3 Nf6} (3... e5 4. d3 Be7 5. c4 O-O 6. Nc3 c5 7. O-O Nc6 8. a3 h6 9. b4 cxb4 10. Nd5 bxa3 11. Nxe7+ Qxe7 12. Bxa3 Rd8 13. Qb3 Be6 14. Rfb1 Rab8 15. Nd2 Nd4 16. Qd1 {0-1 (37) Bures,J (2406)-Simacek,P (2490) Ceske Budejovice 2018}) 4. O-O e5 5. d3 Be7 6. e4 O-O 7. Nbd2 c6 8. Re1 Qc7 9. Nf1 Re8 $146 ({Predecessor:} 9... h6 10. h4 Nh7 {0-1 (49) Cardozo,C-Guzman,C (2041) Bogota 2008}) 10. a3 d5 11. exd5 cxd5 12. Bg5 h6 13. Bd2 Bf8 14. h4 Nb6 15. N3h2 Bd7 16. Ba5 d4 17. Nd2 Qb8 18. Bxb6 axb6 19. Nc4 Qc7 20. Nf3 Bg4 21. Qd2 {[%emt 0:05:41] [#]} (21. Ncd2 $17 {might work better.}) 21... Bxf3 $1 22. Bxf3 b5 23. Nxe5 Rxe5 24. Rxe5 Qxe5 25. Bxb7 Re8 26. Bc6 Re6 27. Bg2 Qe2 28. Qxe2 Rxe2 29. Rc1 Bd6 30. Kf1 Re5 31. b4 Nd5 32. c4 dxc3 33. Bxd5 Rxd5 34. Rxc3 Kf8 35. f4 Ke7 36. Ke2 Kd7 37. Ke3 f5 38. d4 Be7 39. Rd3 Bf6 40. Rd1 Rd6 41. Rd2 Re6+ 42. Kd3 Ra6 43. Ra2 $19 Kd6 44. a4 Rxa4 45. Rxa4 bxa4 46. Kc4 a3 47. Kb3 Bxd4 48. Kxa3 Bf2 0-1

[Event "Torneio Nacional Honour 2017-18"]
[Site "Cascais"]
[Date "2018.08.16"]
[Round "8"]
[White "Horta, Antonio Mauricio Ri"]
[Black "Santos, Jose Barria"]
[Result "0-1"]
[ECO "A20"]
[WhiteElo "1950"]
[BlackElo "2062"]
[Annotator "NA RC"]
[PlyCount "68"]
[EventDate "2018.08.11"]
[EventType "tourn"]
[EventCountry "POR"]
[SourceTitle "playchess.com"]
[Source "ChessBase"]
[SourceQuality "1"]
[TimeControl "5400+30"]

1. c4 e5 2. g3 Nc6 3. Bg2 Nf6 4. Nc3 Bc5 5. Nf3 d6 6. O-O O-O 7. d3 h6 8. Na4 Bb6 9. Nxb6 {[%emt 0:00:35] A29: English Opening: Four Knights Variation with 4 g3} axb6 10. b3 {[%emt 0:04:05] LiveBook: 7 Games} Re8 11. Bb2 Bf5 12. d4 $146 ({Predecessor:} 12. Nh4 Bh7 13. e4 Nd7 14. a3 Nc5 15. Nf5 Bxf5 16. exf5 Qg5 {½-½ (29) Speelman,J (2610)-Sadler,M (2465) London 1990}) 12... e4 13. Ne1 Qd7 14. Nc2 (14. d5 $11 Ne5 15. Nc2) 14... Bh3 (14... d5 $15) 15. Ne3 Bxg2 16. Kxg2 d5 17. Qd2 Ne7 18. h3 Nh5 19. Ng4 Qe6 20. f4 $2 (20. Qc2 $11 {and White stays safe.}) 20... dxc4 21. f5 $2 (21. bxc4 Nf5 22. Rg1) 21... Nxf5 22. Rxf5 Qxf5 23. Rf1 (23. bxc4 $142 e3 24. Qd3 Qxd3 25. exd3) 23... Qg6 24. Qc3 Rxa2 25. d5 f5 26. Nxh6+ Qxh6 27. Rxf5 Nf6 28. h4 $19 e3 29. Rg5 Re7 30. d6 cxd6 31. Qxc4+ d5 32. Rxd5 Nxd5 33. Qc8+ Kf7 34. Qf5+ Nf6 0-1

[Event "Torneio Nacional Honour 2017-18"]
[Site "Cascais"]
[Date "2018.08.16"]
[Round "8"]
[White "Guia, Artur Solovyov Eloy"]
[Black "Goncalves, Carlos Manuel M"]
[Result "1-0"]
[ECO "B07"]
[WhiteElo "1818"]
[BlackElo "1645"]
[Annotator "NA RC"]
[PlyCount "74"]
[EventDate "2018.08.11"]
[EventType "tourn"]
[EventCountry "POR"]
[SourceTitle "playchess.com"]
[Source "ChessBase"]
[SourceQuality "1"]
[TimeControl "5400+30"]

1. e4 d6 2. d4 Nf6 3. Nc3 g6 4. g3 Bg7 5. Bg2 O-O 6. Nge2 c6 7. a4 e5 8. h3 Na6 9. Be3 {[%emt 0:00:29] LiveBook: 19 Games B07: Pirc Defence: Miscellaneous Systems} h5 $146 ({Predecessor:} 9... Re8 10. O-O Nb4 11. a5 exd4 12. Bxd4 Bd7 13. g4 c5 14. Be3 Bc6 15. Ng3 Nd7 16. f4 d5 {0-1 (99) Kazhgaleyev,M (2589)-Bologan,V (2732) Astana 2012}) 10. O-O Nc7 11. Qd2 Kh7 12. Rad1 Be6 13. f4 exd4 14. Bxd4 c5 (14... Bc4 $16) 15. Bxf6 (15. Be3 $18 {is more deadly.}) 15... Bxf6 16. Kh2 Be7 $2 {[%emt 0:03:40] [#]} (16... Bc4 $16 {is a better defense.}) 17. f5 $1 Bg5 18. fxg6+ ({Don't play} 18. Qxd6 $6 Qxd6 19. Rxd6 gxf5 $18) 18... fxg6 $2 (18... Kh6 $16 19. Nf4 (19. Qxd6 Qxd6 20. Rxd6 Be7 $16) 19... fxg6 20. Qxd6 Qxd6 21. Rxd6 Bxf4 22. gxf4 (22. Rxf4 Rad8 $16) 22... Rad8) 19. Rxf8 Bxd2 20. Rxd8 Rxd8 21. Rxd2 b6 22. Nf4 Bf7 {[%emt 0:01:03] [#]} 23. e5 $1 Ne6 24. Nxe6 Bxe6 25. Rxd6 Re8 26. Nd5 Bxd5 27. Rxd5 Re7 28. h4 Kg7 29. Bh3 Kf7 30. Rd7 a6 31. Rxe7+ Kxe7 32. Kg2 Kd8 33. Kf3 Kc7 34. Kf4 Kc6 35. Kg5 Kd5 36. e6 Kd6 37. Kf6 Kd5 1-0

[Event "Torneio Nacional Honour 2017-18"]
[Site "Cascais"]
[Date "2018.08.16"]
[Round "8"]
[White "De Moura, Fernando Alves"]
[Black "Lavrador, Rodolfo M Mascarenh"]
[Result "0-1"]
[ECO "C18"]
[WhiteElo "1814"]
[BlackElo "1859"]
[Annotator "NA RC"]
[PlyCount "106"]
[EventDate "2018.08.11"]
[EventType "tourn"]
[EventCountry "POR"]
[SourceTitle "playchess.com"]
[Source "ChessBase"]
[SourceQuality "1"]
[TimeControl "5400+30"]

1. e4 e6 2. d4 d5 3. Nc3 Bb4 4. e5 c5 5. a3 Bxc3+ 6. bxc3 Ne7 7. h4 Nbc6 8. Nf3 Bd7 9. a4 {[%emt 0:08:14] LiveBook: 3 Games} Qa5 10. Bd2 Qc7 {[%emt 0:00:18] C19: Französische Verteidigung (Nimzowitsch-Variante)} (10... O-O-O 11. h5 h6 12. Bb5 c4 13. O-O Rdg8 14. Nh2 f5 15. exf6 gxf6 16. Ng4 Rf8 17. Re1 Rf7 18. Qf3 {1-0 (39) Escobar Forero,A (2482)-Principe,A (2264) Lima 2018}) 11. Be2 $146 ({Vorgänger:} 11. h5 h6 12. Bd3 O-O-O 13. Qc1 c4 14. Be2 Rh7 15. Qa3 Rg8 16. a5 {1-0 (84) Bhawoodien,S (2130)-Solomon,M (2170) Cape Town 2015}) 11... O-O 12. Bd3 h6 13. Rh3 {[%emt 0:13:13] [#]} (13. Qc1 $11 {hält das Gleichgewicht.}) 13... c4 $1 14. Be2 {[%emt 0:00:54] [#]} f6 $1 15. Qc1 $1 $11 {[%emt 0:07:33] and White is okay.} Kh7 (15... fxe5 $17 16. Bxh6 Rf7) 16. Ng5+ (16. Bf4 $11) 16... Kg8 $2 ({Stronger than} 16... hxg5 17. hxg5+ Kg8 18. gxf6 $16) ({Black should play} 16... fxg5 $17 17. hxg5 {[#]} h5 $1 18. Bxh5 Kg8) 17. f4 $2 hxg5 18. g3 (18. hxg5 {was worth a try.} fxg5 19. fxg5) 18... gxh4 19. Qa3 hxg3 20. Rxg3 Nf5 21. Rg2 Be8 22. O-O-O Qe7 23. Qb2 Nd8 24. Rdg1 Nf7 25. Bh5 N7h6 26. Rh2 Bxh5 27. Rxh5 b6 28. Kd1 Qf7 29. Rh3 Kh7 30. Qc1 Rh8 31. Ke2 Kg8 32. Qf1 Kf8 33. Bc1 Ke8 34. Ba3 Kd7 35. Qb1 Kc7 36. Rh2 Qd7 37. Rhg2 Rag8 38. Rg6 fxe5 39. fxe5 Nf7 40. R1g2 Nxe5 41. dxe5 Nh4 42. Bd6+ Kb7 43. Qb5 Qxb5 44. Rxg7+ Rxg7 45. Rxg7+ {[%emt 0:00:09] [#]} Ka6 $1 46. axb5+ Kxb5 47. Rxa7 Nf5 48. Bb4 Rh2+ 49. Kf3 d4 50. Ke4 Rxc2 $19 51. Rc7 dxc3 52. Bd6 Rd2 53. Ba3 c2 0-1

[Event "Torneio Nacional Honour 2017-18"]
[Site "Cascais"]
[Date "2018.08.16"]
[Round "8"]
[White "Sa, Claudio Simao Carva"]
[Black "Santos, Isabel"]
[Result "1-0"]
[ECO "B13"]
[WhiteElo "1790"]
[BlackElo "2005"]
[Annotator "NA RC"]
[PlyCount "35"]
[EventDate "2018.08.11"]
[EventType "tourn"]
[EventCountry "POR"]
[SourceTitle "playchess.com"]
[Source "ChessBase"]
[SourceQuality "1"]
[TimeControl "5400+30"]

1. e4 c6 2. d4 d5 3. exd5 cxd5 4. c4 Nf6 5. Nc3 Nc6 6. Bg5 Be6 7. Nf3 h6 {[%emt 0:01:22] LiveBook: 9 Games B13: Caro-Kann: Exchange Variation and Panov-Botvinnik Attack} (7... g6 8. Bxf6 exf6 9. c5 Bg7 10. Bb5 O-O 11. O-O Bg4 12. Bxc6 bxc6 13. h3 Bxf3 14. Qxf3 Rb8 15. b3 f5 16. Rfd1 Qh4 17. Ne2 {½-½ (47) Romanov,E (2626)-Volkov,S (2645) St Petersburg 2017}) 8. Bh4 ({White should try} 8. Bxf6 $11 exf6 9. c5) 8... g5 ({Wrong is} 8... dxc4 $2 9. Bxf6 exf6 10. d5 $18) 9. Bg3 dxc4 10. Qa4 $146 ({Predecessor:} 10. Be2 Bg7 11. O-O O-O 12. Nb5 Rc8 13. Ne5 a6 14. Nxc6 Rxc6 15. Nc3 {½-½ (56) Rudnicki,M (2047)-Dluzniewski,M (2224) Koszalin 2001}) 10... Qb6 11. Nb5 Rc8 12. Bxc4 a6 13. Nc7+ Rxc7 14. Bxc7 Qxc7 15. Bxe6 fxe6 16. O-O Bg7 17. Ne5 (17. Qc2 $17 {was worth a try.}) 17... b5 $18 (17... Nd5 $19 18. Nxc6 Qxc6 19. Qxc6+ bxc6) 18. Qc2 1-0

[Event "Torneio Nacional Honour 2017-18"]
[Site "Cascais"]
[Date "2018.08.17"]
[Round "9"]
[White "Santos, Jose Barria"]
[Black "Guia, Artur Solovyov Eloy"]
[Result "1-0"]
[ECO "C50"]
[WhiteElo "2062"]
[BlackElo "1818"]
[Annotator "NA"]
[PlyCount "129"]
[EventDate "2018.08.11"]
[EventType "tourn"]
[EventCountry "POR"]
[SourceTitle "playchess.com"]
[Source "ChessBase"]
[SourceQuality "1"]
[TimeControl "5400+30"]

1. e4 e5 2. Nf3 Nc6 3. Bc4 Bc5 4. O-O Nf6 5. d3 d6 6. Bg5 {[%emt 0:00:14] LiveBook: 7 Games} h6 7. Bh4 g5 8. Bg3 Bg4 9. c3 Qe7 10. Nbd2 Bb6 11. a4 a5 12. Ba2 O-O-O 13. Re1 $11 Rdg8 14. Nc4 Ba7 15. Ne3 Bxe3 16. Rxe3 h5 17. h4 Nh7 18. Qd2 Rg7 19. hxg5 Bxf3 20. Rxf3 Nxg5 21. Rf5 h4 22. Bh2 Rhg8 23. Kf1 Ne6 24. g3 hxg3 25. Bxg3 Nf4 26. Rxf4 exf4 27. Qxf4 Qd7 28. Ke2 Ne5 29. d4 Qg4+ 30. Qxg4+ Nxg4 31. Rh1 Nf6 32. Kf3 Nd7 33. Rh5 b6 34. Rf5 Rh8 35. e5 dxe5 36. dxe5 Rhh7 37. b4 axb4 38. cxb4 Nf8 39. Rf6 Nd7 40. Rf5 Nf8 41. Rf6 Nd7 42. Rc6 Nb8 43. Rc4 Rh1 44. a5 Kb7 45. axb6 cxb6 46. Rf4 Nc6 47. Rf6 Nxb4 48. Bxf7 Re1 49. Bf4 Nd3 50. Bd5+ Ka7 51. e6 Nxf4 52. Kxf4 Ka6 53. Rf7 Rg8 54. Kf5 b5 55. f4 Rd1 56. Be4 Re8 57. Bc6 b4 58. Bxe8 b3 59. Ba4 b2 60. Bc2 Rd2 61. Be4 Rd5+ 62. Kf6 Rd4 63. Bg6 Rxf4+ 64. Kg7 Rg4 65. Rf1 1-0

[Event "Torneio Nacional Honour 2017-18"]
[Site "Cascais"]
[Date "2018.08.17"]
[Round "9"]
[White "Santos, Isabel"]
[Black "Horta, Antonio Mauricio Ri"]
[Result "1/2-1/2"]
[ECO "D06"]
[WhiteElo "2005"]
[BlackElo "1950"]
[Annotator "NA"]
[PlyCount "32"]
[EventDate "2018.08.11"]
[EventType "tourn"]
[EventCountry "POR"]
[SourceTitle "playchess.com"]
[Source "ChessBase"]
[SourceQuality "1"]
[TimeControl "5400+30"]

1. d4 d5 2. c4 Nf6 3. cxd5 Nxd5 4. e4 Nb6 5. Nc3 g6 6. Nf3 Bg7 7. Be3 O-O 8. Be2 Bg4 9. O-O Bxf3 10. Bxf3 Nc4 11. Qb3 Nxe3 12. fxe3 Qc8 13. Rac1 Nc6 14. e5 Rb8 15. Nd5 Qd7 16. Nf4 Nxd4 1/2-1/2

[Event "Torneio Nacional Honour 2017-18"]
[Site "Cascais"]
[Date "2018.08.17"]
[Round "9"]
[White "Lavrador, Rodolfo M Mascarenh"]
[Black "Godinho Marques, Pedro"]
[Result "1-0"]
[ECO "B28"]
[WhiteElo "1859"]
[BlackElo "1862"]
[Annotator "NA"]
[PlyCount "127"]
[EventDate "2018.08.11"]
[EventType "tourn"]
[EventCountry "POR"]
[SourceTitle "playchess.com"]
[Source "ChessBase"]
[SourceQuality "1"]
[TimeControl "5400+30"]

1. e4 c5 2. Nf3 a6 3. d4 cxd4 4. Nxd4 Nf6 5. Nc3 e5 6. Nf3 Bb4 7. Bd2 O-O 8. Bd3 d5 9. Qe2 ({Much worse is} 9. Nxe5 Re8 $17) (9. Nxd5 $11 Bxd2+ 10. Nxd2 (10. Qxd2 Nxd5 11. exd5 e4 $15)) 9... d4 10. Nb1 Bxd2+ 11. Nbxd2 Bg4 12. O-O Nbd7 13. h3 Bh5 14. Rfe1 $15 Qe7 15. Nf1 Rac8 16. g4 Bg6 17. Ng3 Nc5 18. Nf5 Qc7 19. Qd2 Ne6 20. N3h4 Nf4 21. Kh2 Rfe8 22. Ng2 Bxf5 23. exf5 Nxd3 24. cxd3 Qc2 25. Re2 Qxd2 26. Rxd2 Nd5 27. Re1 Kf8 28. a3 f6 29. Ree2 Re7 30. Kg3 b5 31. h4 b4 32. axb4 Nxb4 33. f4 Nd5 34. fxe5 fxe5 35. Kf3 a5 36. Rc2 Rxc2 37. Rxc2 Nb4 38. Rc8+ Kf7 39. Ke4 Na6 40. Ne1 Rb7 41. Nf3 Rxb2 42. Nxe5+ Ke7 43. Kxd4 a4 44. Ra8 Rb6 45. Ra7+ Ke8 46. Nc4 Rc6 47. Rxg7 Nc7 48. Rxh7 Nb5+ 49. Kd5 Ra6 50. g5 a3 51. Nxa3 Rxa3 52. g6 Rxd3+ 53. Kc4 Rf3 54. Kxb5 Rxf5+ 55. Kc4 Rf4+ 56. Kd5 Rg4 57. h5 Kf8 58. Ke5 Ra4 59. Kf6 Kg8 60. Rb7 Ra6+ 61. Kg5 Ra5+ 62. Kh6 Ra8 63. Rb5 Rc8 64. Kg5 1-0

[Event "Torneio Nacional Honour 2017-18"]
[Site "Cascais"]
[Date "2018.08.17"]
[Round "9"]
[White "Goncalves, Carlos Manuel M"]
[Black "De Moura, Fernando Alves"]
[Result "1-0"]
[ECO "A05"]
[WhiteElo "1645"]
[BlackElo "1814"]
[Annotator "NA"]
[PlyCount "105"]
[EventDate "2018.08.11"]
[EventType "tourn"]
[EventCountry "POR"]
[SourceTitle "playchess.com"]
[Source "ChessBase"]
[SourceQuality "1"]
[TimeControl "5400+30"]

1. Nf3 Nf6 2. g3 c6 3. Bg2 g6 4. O-O Bg7 5. d3 O-O 6. e4 d6 {[%emt 0:00:09] LiveBook: 24 Games} 7. c3 e5 8. a4 Re8 9. h3 d5 10. Qb3 dxe4 11. Ng5 Qc7 $15 12. Nxe4 Nxe4 13. dxe4 Be6 14. Qc2 Nd7 15. Be3 b6 16. Nd2 c5 17. Rfd1 Rad8 18. Nf3 h6 19. Rd2 Qc8 20. Rad1 Nb8 21. Kh2 Nc6 22. Qc1 Kh7 23. Ne1 Bb3 24. Rxd8 Rxd8 25. Rxd8 Qxd8 26. f4 Bxa4 27. f5 Na5 28. Bf1 Qd1 29. Qxd1 Bxd1 30. b4 cxb4 31. cxb4 Nb3 32. Bc4 f6 33. g4 Bf8 34. Nd3 Nd4 35. fxg6+ Kxg6 36. Kg3 Be2 37. b5 Bd6 38. Kf2 Bd1 39. Nb2 Bb3 40. Bxd4 exd4 41. Bxb3 h5 42. gxh5+ Kxh5 43. Be6 Bc7 44. Ke2 Kh4 45. Kd3 Be5 46. Nd1 Kg3 47. Bf5 Kh4 48. Nb2 Kg3 49. Nc4 Kh4 50. Nd2 Kg3 51. Bg4 Kf4 52. Nf3 Kg3 53. Nxd4 1-0